 Dungeon Crawl Stone Soup version 0.29-a0-451-gfbfa42419e (webtiles) character file.

Game seed: 11035465872943370930

4025 Faeu the Severer (level 10, -1/120 HPs)
             Began as a Minotaur Berserker on May 19, 2022.
             Was an Elder of Trog.
             Slain by a yak (11 damage)
             ... on level 8 of the Dungeon.
             The game lasted 00:21:45 (8953 turns).

Faeu the Severer (Minotaur Berserker)               Turns: 8953, Time: 00:21:48

Health: -1/120     AC: 12    Str: 25    XL:     10   Next: 4%
Magic:  10/10      EV: 12    Int:  4    God:    Trog [****..]
Gold:   504        SH:  0    Dex: 11    Spells: 9/9 levels left

rFire   + . .      SeeInvis .   F - +5 dire flail (vorpal)
rCold   . . .      Faith    +   (shield currently unavailable)
rNeg    . . .      Spirit   .   I - +1 plate armour {rF+}
rPois   .          Reflect  .   (helmet restricted)
rElec   .          Harm     .   (no cloak)
rCorr   .          Rampage  .   (no gloves)
Will    +....                   (no boots)
Stlth   ..........              n - amulet of faith
HPRegen 0.30/turn               m - +4 ring of evasion
MPRegen 0.12/turn               t - ring of willpower

@: berserking, very quick
A: horns 2, retaliatory headbutt
a: Renounce Religion, Berserk, Trog's Hand, Brothers in Arms


You were on level 8 of the Dungeon.
You worshipped Trog.
Trog was greatly pleased with you.
You visited 1 branch of the dungeon, and saw 8 of its levels.

You collected 504 gold pieces.

Inventory:

Hand Weapons
 a - a +0 hand axe
 F - a +5 vorpal dire flail (weapon)
 K - a +0 battleaxe
 L - a +0 vorpal morningstar
Missiles
 z - a throwing net
 H - 8 poisoned darts (quivered)
Armour
 b - a +0 animal skin
 B - a +0 plate armour
 I - a +1 plate armour of fire resistance (worn)
Jewellery
 m - a +4 ring of evasion (left hand)
 n - an amulet of faith (around neck)
 o - a ring of fire
 t - a ring of willpower (right hand)
 y - an amulet of the acrobat
 A - a ring of protection from fire
Wands
 M - a wand of paralysis (8)
Scrolls
 d - 2 scrolls of teleportation {unknown}
 e - 3 scrolls of fear {unknown}
 h - 2 scrolls of magic mapping {unknown}
 i - 2 scrolls of amnesia {unknown}
 j - 8 scrolls of identify {unknown}
 l - 2 scrolls of immolation {unknown}
 q - a scroll of enchant weapon {unknown}
 u - 2 scrolls of silence {unknown}
 v - a scroll of enchant armour {unknown}
 C - 2 scrolls of torment {unknown}
 G - a scroll of vulnerability {unknown}
Potions
 c - 3 potions of resistance {unknown}
 f - 3 potions of lignification {unknown}
 g - 2 potions of haste {unknown}
 k - 2 potions of invisibility {unknown}
 p - 2 potions of curing {unknown}
 r - a potion of might {unknown}
 s - 2 potions of berserk rage {unknown}
 w - a potion of cancellation {unknown}
 x - a potion of heal wounds {unknown}
 D - a potion of brilliance {unknown}
 E - 2 potions of ambrosia {unknown}
 J - a potion of mutation {unknown}


   Skills:
 - Level 4.9 Fighting
 + Level 16.1 Axes
 - Level 4.1 Armour
 - Level 3.6 Dodging
 + Level 1.4 Invocations


You had 9 spell levels left.
You didn't know any spells.
Your spell library was empty.

Dungeon Overview and Level Annotations

Branches:
Dungeon (8/15)             Temple (0/1) D:6            Lair (0/6) D:8

Altars:
Hepliaklqana
Okawaru
Ru
Yredelemnul
The Shining One

Shops:
D:8 *

Annotations:
D:2 1 runed translucent door, Crazy Yiuf
D:6 1 runed translucent door


Innate Abilities, Weirdness & Mutations

You have a pair of horns on your head.
You reflexively headbutt those who attack you in melee.


Message History

You barely miss the yak. You headbutt the yak.
The yak is severely wounded.
The yak gores you!
You puncture the yak! You headbutt the yak, but do no damage.
The yak is moderately wounded.
The yak barely misses you. The yak gores you! x2
You hit the yak.
The yak is heavily wounded.
The yak barely misses you. x2; The yak misses you.
You furiously retaliate!
You headbutt the yak. You hit the yak.
The yak is almost dead.
The yak gores you but does no damage. The yak gores you!
The yak attacks as you move away! The yak gores you.
The yak attacks as you move away! The yak closely misses you.
The yak attacks as you move away! The yak gores you.
The yak attacks as you move away! The yak barely misses you.
The yak attacks as you move away! The yak gores you.
* * * LOW HITPOINT WARNING * * *
The yak attacks as you move away! The yak gores you!
* * * LOW HITPOINT WARNING * * *
A red film seems to cover your vision as you go berserk!
You feel yourself moving faster!
You feel mighty! The yak barely misses you. You furiously retaliate!
You headbutt the yak! You closely miss the yak.
The yak is heavily wounded.
The yak gores you but does no damage. The yak gores you.
* * * LOW HITPOINT WARNING * * *
You puncture the yak!
The yak is almost dead.
The yak gores you but does no damage. x2; The yak barely misses you.
You hit the yak. Your headbutt misses the yak.
The yak is almost dead.
You impale the yak!!
You kill the yak!
Trog accepts your kill. The yak gores you!
* * * LOW HITPOINT WARNING * * *
The yak gores you!
You die...

######.#.##.#.####.# #
#.........#.#.#
#.##.........#.#.#
#............#.#.#
.##.........#.#.# #.
#.....Y...#.#.# #.#
#.........#.#.# #.## #
#..YYY....#.#.## #.#.
#.##...@..........# #)#.
#.............##..###.#.
#.##.....#.##.#.#.##..#.
#..........##.##..##.#..
####...<.####.....).....
#.....# ####..##.#..
#...#.#######..##.##.
#.###.............##.
#.# ########......###


You could see 4 yaks.

Vanquished Creatures
  A hornet (D:7)
  Sigmund (D:2)
  2 yaks (D:8)
  2 steam dragons
  Edmund (D:6)
  3 water moccasins (D:5)
  An ice beast (D:6)
  2 sky beasts
  An orc warrior (D:6)
  A black bear (D:6)
  3 ogres
  A centaur (D:8)
  2 phantoms
  2 kobold brigands
  A bullfrog (D:6)
  A gnoll sergeant (D:6)
  2 necrophages
  4 scorpions
  4 jellies
  An orc priest (D:6)
  2 hounds
  Terence (D:2)
  An iguana (D:4)
  9 orc wizards
  A gnoll shaman (D:4)
  11 gnolls
  2 adders
  A shadow imp (D:6)
  A white imp (D:7)
  5 worms
  2 dart slugs
  30 orcs
  3 bats
  6 endoplasms
  2 giant cockroaches (D:1)
  13 goblins
  7 hobgoblins
  5 quokkas
  2 ball pythons (D:4)
  3 frilled lizards (D:2)
  30 kobolds
  3 rats
176 creatures vanquished.

Vanquished Creatures (collateral kills)
  4 yaks (D:8)
4 creatures vanquished.

Grand Total: 180 creatures vanquished

Notes
Turn   | Place    | Note
-------+----------+-------------------------------------------
     0 | D:1      | Faeu the Minotaur Berserker began the quest for the Orb.
     0 | D:1      | Reached XP level 1. HP: 19/19 MP: 0/0
    56 | D:1      | Found a faded altar of an unknown god.
   319 | D:1      | Reached XP level 2. HP: 27/27 MP: 1/1
   836 | D:1      | Reached skill level 4 in Axes
  1082 | D:2      | Reached XP level 3. HP: 27/33 MP: 2/2
  1149 | D:2      | Reached ** piety under Trog
  1711 | D:2      | Noticed Sigmund
  1721 | D:2      | Killed Sigmund
  1722 | D:2      | Reached XP level 4. HP: 41/41 MP: 3/3
  1722 | D:2      | Reached XP level 5. HP: 47/47 MP: 4/4
  1861 | D:2      | Noticed Terence
  1868 | D:2      | Killed Terence
  1869 | D:2      | Reached skill level 5 in Axes
  2004 | D:2      | Found a runed translucent door.
  2005 | D:2      | Noticed Crazy Yiuf
  2679 | D:3      | Noticed a sky beast
  2693 | D:3      | Killed a sky beast
  2694 | D:3      | Reached skill level 6 in Axes
  2694 | D:3      | Reached XP level 6. HP: 29/55 MP: 5/5
  3423 | D:4      | Noticed a sky beast
  3436 | D:4      | Killed a sky beast
  3437 | D:4      | Reached skill level 7 in Axes
  3451 | D:4      | Reached XP level 7. HP: 17/60 MP: 6/6
  3698 | D:4      | Reached skill level 8 in Axes
  3948 | D:4      | Found a hazy altar of Hepliaklqana.
  4343 | D:4      | Found a glowing golden altar of the Shining One.
  4372 | D:4      | Reached skill level 9 in Axes
  4772 | D:5      | Entered Level 5 of the Dungeon
  5240 | D:5      | Reached skill level 10 in Axes
  5240 | D:5      | Reached XP level 8. HP: 67/67 MP: 7/7
  5245 | D:5      | Reached *** piety under Trog
  5544 | D:5      | Reached skill level 11 in Axes
  6171 | D:5      | Found an iron altar of Okawaru.
  6176 | D:5      | Reached skill level 12 in Axes
  6473 | D:6      | Noticed Edmund
  6512 | D:6      | Reached skill level 13 in Axes
  6515 | D:6      | Killed Edmund
  6516 | D:6      | Reached XP level 9. HP: 70/73 MP: 8/8
  6702 | D:6      | Found a runed translucent door.
  6707 | D:6      | Found a basalt altar of Yredelemnul.
  6729 | D:6      | Reached **** piety under Trog
  6955 | D:6      | Found a staircase to the Ecumenical Temple.
  6971 | D:6      | Reached skill level 14 in Axes
  7686 | D:7      | Found a sacrificial altar of Ru.
  7956 | D:7      | Reached skill level 15 in Axes
  8379 | D:8      | Reached skill level 16 in Axes
  8381 | D:8      | Found Resiazxu's General Store.
  8670 | D:8      | Found a staircase to the Lair.
  8878 | D:8      | Reached XP level 10. HP: 72/80 MP: 9/9
  8927 | D:8      | Reached skill level 1 in Invocations
  8953 | D:8      | Slain by a yak

Illustrated notes

Levels and vault maps discovered:
D:1:      mrwooster_arrival_statue_3, layout_basic, basic_ecumenical_altar,
          grunt_decor_resistance, ebering_dispersal_statue_hall,
          chequers_serial_rivers_room_a, grunt_decor_cap
D:2:      layout_basic, grunt_ministairs_12, minmay_misc_feat_five,
          uniq_sigmund, uniq_terence, uniq_crazy_yiuf_cottage
D:3:      corexii_shack_village, layout_basic, kennysheep_generic_room_3
D:4:      layout_basic, marbit_many_paths, mainiacjoe_overflow_paths,
          minmay_close_crescents
D:5:      layout_basic, okawaru_altar_gauntlet_db
D:6:      layout_basic, dk_yredelemnul_ordeal, minmay_temple_entry_glassed_door,
          uniq_edmund
D:7:      layout_basic, nicolae_ru_awakened_eye
D:8:      layout_loops_ring, lair_entry_dummy, serial_shops,
          nicolae_take_the_stairs

Skill      XL: |  1  2  3  4  5  6  7  8  9 10 |
---------------+-------------------------------+-----
Fighting       | 4 |  4.9
Axes           | 4 6 7 10 13 16 | 16.1
Armour         | 3 4 |  4.1
Dodging        | 3 |  3.6
Invocations    | 1 |  1.4

Action                   |  1- 3 |  4- 6 |  7- 9 | 10-12 || total
-------------------------+-------+-------+-------+-------++-------
Melee: Hand axe          |    63 |    85 |   180 |       ||   328
       Headbutt          |    12 |    13 |    37 |     5 ||    67
       Punch             |       |     2 |       |       ||     2
       Dire flail        |       |       |    95 |    14 ||   109
Invok: Berserk           |     1 |     3 |     5 |     1 ||    10
       Brothers in Arms  |       |       |     1 |       ||     1
Armor: Animal skin       |     3 |    10 |     2 |       ||    15
       Plate armour      |       |       |    61 |     5 ||    66
Dodge: Dodged            |    36 |    50 |   143 |     9 ||   238

Table legend: (Time is in decaauts)
 A = Elapsed time spent in this place.
 B = Non-inter-level travel time spent in this place.
 C = Inter-level travel time spent in this place.
 D = Time resting spent in this place.
 E = Time spent auto-exploring this place.
 F = Levels seen in this place.
 G = Mean time per level.
                   A        B        C        D        E       F      G
               +--------+--------+--------+--------+--------+-----+--------+
         Total |   8988 |   8709 |    279 |   1152 |   5642 |   8 | 1123.5 |
       Dungeon |   8988 |   8709 |    279 |   1152 |   5642 |   8 | 1123.5 |
               +--------+--------+--------+--------+--------+-----+--------+

Top non-repeatable levels by time:
     D:4: 1811 daAuts
     D:3: 1270 daAuts
     D:6: 1167 daAuts
     D:2: 1157 daAuts
     D:5: 1119 daAuts
     D:1: 1012 daAuts
     D:7: 783 daAuts
     D:8: 665 daAuts
